 Dungeon Crawl Stone Soup version 0.18.1-48-g4cf74bf (webtiles) character file.

9109 Metae the Protected (level 11, -9/97 HPs)
             Began as a Minotaur Fighter on July 5, 2016.
             Was an Elder of Makhleb.
             Mangled by a death yak (14 damage)
             ... on level 3 of the Lair of Beasts.
             The game lasted 01:13:37 (11217 turns).

Metae the Protected (Minotaur Fighter)             Turns: 11217, Time: 01:13:38

Health: -9/97      AC: 18    Str: 20    XL:     11   Next: 18%
Magic:  14/14      EV:  7    Int:  5    God:    Makhleb [****..]
Gold:   616        SH: 12    Dex: 14    Spells: 0 memorised, 10 levels left

rFire  . . .     SeeInvis .     a - +0 trident
rCold  . . .     Gourm    .     R - +0 swamp dragon armour
rNeg   + . .     Faith    .     c - +0 shield
rPois  +         Spirit   .     (helmet restricted)
rElec  .         Dismiss  +     (no cloak)
rCorr  .         Reflect  .     S - +1 pair of gloves
SustAt .         Harm     .     H - +0 pair of boots
MR     .....                    g - amulet of dismissal
Stlth  ++........               W - +4 ring of protection
                                C - ring of positive energy

@: not resistant to hostile enchantments, unstealthy
A: retaliatory headbutt, horns 2
a: Minor Destruction, Lesser Servant of Makhleb, Major Destruction, Renounce
Religion


You were on level 3 of the Lair of Beasts.
You worshipped Makhleb.
Makhleb was greatly pleased with you.
You were not hungry.

You visited 2 branches of the dungeon, and saw 13 of its levels.

You collected 660 gold pieces.
You spent 44 gold pieces at shops.

Inventory:

Hand Weapons
 a - a +0 trident (weapon)
 z - a +1 falchion of holy wrath
Armour
 c - a +0 shield (worn)
 h - the +4 scale mail "Mocet" {+Fly rPois rC-}
   (You found it on level 4 of the Dungeon)

   It makes you vulnerable to cold.
   It protects you from poison.
   It lets you fly.
 H - a +0 pair of boots (worn)
 L - the +0 scale mail "Loahell" {Regen+ Int+5 Dex+4}
   (You found it on level 7 of the Dungeon)

   It affects your intelligence (+5).
   It affects your dexterity (+4).
   It increases your rate of regeneration.
 R - a +0 swamp dragon armour (worn)
 S - a +1 pair of gloves (worn)
Jewellery
 g - an amulet of dismissal (around neck)
 C - a ring of positive energy (left hand)
 W - a +4 ring of protection (right hand)
Wands
 q - a wand of flame (24/48)
 A - a wand of enslavement (14/24)
 T - a wand of random effects (38/48)
 X - a wand of teleportation (4/9)
Scrolls
 b - 4 scrolls of amnesia
 e - 9 scrolls of remove curse
 i - 3 scrolls of magic mapping {unknown}
 j - 7 scrolls of identify
 m - a scroll of vulnerability {unknown}
 o - a scroll of noise {unknown}
 r - a scroll of random uselessness {unknown}
 v - 6 scrolls of immolation
 B - 2 scrolls of teleportation {unknown}
 E - 3 scrolls of fog {unknown}
 O - a scroll of enchant weapon {unknown}
 P - 3 scrolls of recharging {unknown}
 Q - 2 scrolls of fear {unknown}
 U - a scroll of blinking {unknown}
Potions
 d - 4 potions of might
 k - 6 potions of lignification
 n - 4 potions of haste
 s - 2 potions of degeneration {unknown}
 t - 2 potions of invisibility {unknown}
 u - 3 potions of resistance {unknown}
 x - 5 potions of curing
 D - 4 potions of heal wounds {unknown}
 F - 2 potions of cure mutation {unknown}
 K - 2 potions of flight {unknown}
 M - a potion of agility
 N - a potion of brilliance {unknown}
Books
 l - a book of Flames

   Spells                             Type                      Level
   a - Flame Tongue                   Conjuration/Fire             1
   b - Throw Flame                    Conjuration/Fire             2
   c - Conjure Flame                  Conjuration/Fire             3
   d - Inner Flame                    Hexes/Fire                   3
   e - Sticky Flame                   Conjuration/Fire             4
   f - Fireball                       Conjuration/Fire             5
 y - a book of Alchemy

   Spells                             Type                      Level
   a - Sublimation of Blood           Necromancy                   2
   b - Ignite Poison                  Fire/Transmutation/Poison    3
   c - Petrify                        Transmutation/Earth          4
   d - Alistair's Intoxication        Transmutation/Poison         5
   e - Irradiate                      Conjuration/Transmutation    5
 I - a book of Air

   Spells                             Type                      Level
   a - Shock                          Conjuration/Air              1
   b - Swiftness                      Charms/Air                   2
   c - Repel Missiles                 Charms/Air                   2
   d - Static Discharge               Conjuration/Air              3
   e - Lightning Bolt                 Conjuration/Air              5
 Y - a book of the Earth

   Spells                             Type                      Level
   a - Leda's Liquefaction            Hexes/Earth                  4
   b - Bolt of Magma                  Conjuration/Fire/Earth       5
   c - Statue Form                    Transmutation/Earth          6
   d - Iron Shot                      Conjuration/Earth            6
   e - Shatter                        Earth                        9
Comestibles
 f - 14 bread rations
 p - 4 slices of pizza
 w - 5 meat rations
 G - 13 fruits
 J - 2 beef jerkies
 V - 5 royal jellies


   Skills:
 * Level 9.3 Fighting
 + Level 7.4 Polearms
 * Level 9.8 Armour
 + Level 5.3 Dodging
 + Level 5.1 Stealth
 * Level 9.3 Shields
 - Level 0.3 Spellcasting
 * Level 5.4 Invocations
 + Level 4.1 Evocations


You had 10 spell levels left.
You didn't know any spells.

Dungeon Overview and Level Annotations

Branches:
Dungeon (10/15)            Temple (0/1) D:4            Lair (3/8) D:10
  Swamp: Lair:3-6    Shoals: Lair:3-6     Snake: Lair:3-6    Spider: Lair:3-6
    Orc: D:9-12

Altars:
Cheibriados
Kikubaaqudgha
Makhleb
Nemelex Xobeh
Pakellas
Sif Muna
Trog
The Shining One

Shops:
D:9 (?

Portals:
Trove: D:10 (give wand of heal wounds (9))

Annotations:
D:8 Maurice


Innate Abilities, Weirdness & Mutations

You reflexively headbutt those who attack you in melee.
You have a pair of horns on your head.


Message History

The death yak gores you! x2
The death yak gores you but does no damage.
You block the death yak's attack.
You hit the death yak.
The death yak is heavily wounded.
The death yak barely misses you. The death yak gores you!!
You block the death yak's attack. The death yak gores you.
You puncture the death yak!
The death yak is heavily wounded.
The death yak gores you but does no damage.
The death yak gores you!
* * * LOW HITPOINT WARNING * * *
Your amulet of dismissal vibrates suddenly!
The death yak disappears!
You block the death yak's attack. The death yak gores you!!
* * * LOW HITPOINT WARNING * * *
You block the death yak's attack.
The death yak gores you but does no damage.
The death yak gores you!
You die...

# #. ####
#.#...###
#......#
#......###
#...ยง...P#
#)..Y@..#
#...YY.##
##......#
##....#.#
.......$.
##...P#.#..
#...### .#.
..... .


You could see 3 death yaks.

Vanquished Creatures
  A hydra (Lair:1)
  A gargoyle (D:10)
  A spiny frog (Lair:1)
  A komodo dragon (D:10)
  A troll (D:10)
  Grinder (D:4)
  3 blink frogs (Lair:2)
  Prince Ribbit (Lair:2)
  3 yaks (D:8)
  3 hippogriffs
  Duvessa (D:7)
  5 water moccasins
  2 porcupines
  2 orc warriors
  2 ice beasts
  A sky beast (D:8)
  A wasp (D:10)
  3 ogres
  A black bear (D:10)
  4 centaurs
  5 crocodiles
  A big kobold (D:9)
  14 giant frogs
  Dowan (D:7)
  4 scorpions
  10 killer bees
  A troll skeleton (D:10)
  4 spriggan skeletons (D:10)
  4 wights (D:10)
  3 howler monkeys
  4 crimson imps
  A giant frog zombie (D:7)
  A centaur zombie (D:5)
  7 orc priests
  A jelly (D:6)
  3 orc wizards
  A centaur skeleton (D:10)
  4 hounds
  3 iguanas
  2 giant frog skeletons
  2 worker ants
  Terence (D:2)
  A killer bee zombie (D:5)
  A howler monkey skeleton (D:5)
  13 adders
  6 river rats (Lair:1)
  2 shadow imps
  An adder skeleton (D:7)
  2 worms (D:2)
  4 dart slugs
  10 giant geckos
  40 orcs
  7 giant cockroaches
  5 goblins
  4 hobgoblins
  2 jackals (D:2)
  13 kobolds
  2 quokkas
  2 ball pythons
  10 bats
  A giant newt (D:3)
  A quokka skeleton (D:4)
  10 rats
  A plant (D:10)
253 creatures vanquished.

Vanquished Creatures (collateral kills)
  A killer bee (D:10)
  A giant newt (D:2)
  A rat (D:2)
3 creatures vanquished.

Vanquished Creatures (others)
  An ogre (D:4)
  An orc (D:6)
  A plant (D:10)
3 creatures vanquished.

Grand Total: 259 creatures vanquished

Notes
Turn   | Place    | Note
--------------------------------------------------------------
     0 | D:1      | Metae the Minotaur Fighter began the quest for the Orb.
     0 | D:1      | Reached XP level 1. HP: 19/19 MP: 0/0
   101 | D:1      | Reached XP level 2. HP: 26/26 MP: 1/1
   535 | D:1      | Reached skill level 1 in Stealth
   574 | D:1      | Reached XP level 3. HP: 33/33 MP: 2/2
   905 | D:2      | Noticed Terence
   911 | D:2      | Killed Terence
   911 | D:2      | Reached skill level 1 in Dodging
  1096 | D:2      | Reached XP level 4. HP: 40/40 MP: 3/3
  1988 | D:3      | Found a glowing golden altar of the Shining One.
  2037 | D:3      | Found an ancient bone altar of Kikubaaqudgha.
  2138 | D:3      | Reached XP level 5. HP: 32/46 MP: 4/4
  2149 | D:3      | Reached skill level 5 in Armour
  2216 | D:3      | Found a burning altar of Makhleb.
  2217 | D:3      | Found a snail-covered altar of Cheibriados.
  2569 | D:3      | Became a worshipper of Makhleb the Destroyer
  2798 | D:4      | Noticed an ogre
  2833 | D:4      | Noticed an ogre
  3165 | D:3      | HP: 1/47 [ogre/giant spiked club (14)]
  3469 | D:4      | Noticed Grinder
  3477 | D:4      | Killed Grinder
  3477 | D:4      | Reached XP level 6. HP: 48/55 MP: 5/5
  3515 | D:4      | Found a staircase to the Ecumenical Temple.
  3710 | D:4      | Got a transparent scale mail
  3721 | D:4      | Identified the +4 scale mail "Mocet" {+Fly rPois rC-} (You found it on level 4 of the Dungeon)
  3728 | D:4      | Reached skill level 1 in Invocations
  3941 | D:4      | Found a deep blue altar of Sif Muna.
  3942 | D:4      | Found a bloodstained altar of Trog.
  3995 | D:4      | Reached skill level 5 in Fighting
  3995 | D:4      | Reached skill level 1 in Evocations
  3995 | D:4      | Reached XP level 7. HP: 61/61 MP: 6/6
  4148 | D:5      | Entered Level 5 of the Dungeon
  4173 | D:5      | Reached skill level 5 in Shields
  4356 | D:5      | Reached * piety under Makhleb
  5310 | D:6      | Reached XP level 8. HP: 50/70 MP: 8/8
  5316 | D:6      | Found a sparkling altar of Nemelex Xobeh.
  5429 | D:6      | Reached ** piety under Makhleb
  5487 | D:6      | Found an oddly glowing altar of Pakellas.
  6264 | D:7      | Got a smelly scale mail
  6275 | D:7      | Identified the +0 scale mail "Loahell" {Regen+ Int+5 Dex+4} (You found it on level 7 of the Dungeon)
  6281 | D:7      | Reached skill level 5 in Polearms
  6461 | D:7      | Noticed Dowan
  6462 | D:7      | Noticed Duvessa
  6475 | D:7      | Killed Dowan
  6500 | D:7      | Killed Duvessa
  6500 | D:7      | Reached XP level 9. HP: 60/78 MP: 10/10
  6774 | D:8      | Reached *** piety under Makhleb
  7123 | D:8      | Noticed Maurice
  7640 | D:9      | Found Bylu Puurgh's Weapon Shoppe.
  7992 | D:9      | Reached XP level 10. HP: 85/88 MP: 11/11
  7997 | D:9      | Reached **** piety under Makhleb
  8285 | D:9      | Found Vedoun's Magic Scroll Shoppe.
  8291 | D:9      | Bought 2 scrolls of identify for 44 gold pieces
  8315 | D:10     | Entered Level 10 of the Dungeon
  8580 | D:10     | Noticed a gargoyle
  8651 | D:10     | Killed a gargoyle
  9133 | D:10     | Found a staircase to the Lair.
  9409 | D:10     | Found a portal to a secret trove of treasure.
  9607 | D:10     | Reached skill level 5 in Dodging
  9644 | Lair:1   | Entered Level 1 of the Lair of Beasts
 10024 | Lair:1   | Noticed a spiny frog
 10045 | Lair:1   | Killed a spiny frog
 10045 | Lair:1   | Reached skill level 5 in Invocations
 10245 | Lair:1   | Noticed a six-headed hydra
 10260 | Lair:1   | Killed a six-headed hydra
 10260 | Lair:1   | Reached skill level 5 in Stealth
 10260 | Lair:1   | Reached XP level 11. HP: 60/97 MP: 13/13
 10624 | Lair:2   | Noticed Prince Ribbit
 10650 | Lair:2   | Killed Prince Ribbit
 11205 | Lair:3   | Noticed a death yak
 11205 | Lair:3   | Noticed a death yak
 11205 | Lair:3   | Noticed a death yak
 11205 | Lair:3   | Noticed a death yak
 11217 | Lair:3   | Mangled by a death yak

Skill      XL: |  1  2  3  4  5  6  7  8  9 10 |
---------------+-------------------------------+-----
Armour         | 4 5 6 7 8 9 |  9.8
Stealth        | 1 2 3 4 5 |  5.1
Dodging        | 1 2 3 4 5 |  5.3
Fighting       | 4 5 6 7 9 |  9.3
Polearms       | 3 4 5 6 7 |  7.4
Shields        | 4 5 6 8 9 |  9.3
Invocations    | 1 3 5 |  5.4
Evocations     | 1 2 3 4 |  4.1
Spellcasting   | |  0.3

Action                   |  1- 3 |  4- 6 |  7- 9 | 10-12 || total
-------------------------+-------+-------+-------+-------++-------
Melee: Trident           |   122 |   204 |   471 |   491 ||  1288
       Headbutt          |    14 |    28 |    86 |   105 ||   233
Invok: Minor Destruction |       |       |     1 |       ||     1
       Lesser Servant of |       |       |     1 |     2 ||     3
       Major Destruction |       |       |       |     1 ||     1
 Abil: Evoke Flight      |       |       |     1 |       ||     1
Evoke: Wand              |       |     3 |     1 |       ||     4
  Use: Scroll            |       |     4 |     2 |     4 ||    10
 Stab: Distracted        |       |       |     1 |       ||     1
       Sleeping          |       |       |     2 |     7 ||     9
  Eat: Chunk             |     1 |     6 |     2 |     7 ||    16
       Bread ration      |       |     1 |     2 |     1 ||     4
       Pizza             |       |       |     1 |       ||     1
Armor: Scale mail        |    37 |       |   120 |       ||   157
       Chain mail        |    24 |    90 |       |       ||   114
       Swamp dragon armo |       |       |     7 |   166 ||   173
Dodge: Dodged            |    24 |    28 |   153 |   205 ||   410
Block: Shield            |    56 |   106 |   225 |   240 ||   627
